Map: Pillars of Gold LE

Players

KingCobra

  • Race: Protoss Protoss
  • Spawn Location: 7:00

BlyOnFire (Bly) - Winner!

  • Race: Zerg Zerg
  • Spawn Location: 1:00

Event: DreamHack SC2 Masters 2020 Fall

VOD

Have the link to the VOD?

Description

Time

  • Played on: Sept. 4, 2020, 1:37 p.m.
  • Length: 12:43

All games in this series

Show
View Real Time Build Order
Export as new Build Order

KingCobra Protoss 

Build Orders: 1 Gate Expand, Oracle Opening 

Get SALT Encoding   

  12  0:00  Probe  
  13  0:12  Probe  
  14  0:20  Pylon  
  14  0:24  Probe  
  15  0:38  Probe (Chrono Boost)  
  15  0:39  Gateway  
  16  0:49  Assimilator, Probe (Chrono Boost)  
  17  0:54  Probe (Chrono Boost)  
  19  1:04  Probe (Chrono Boost)  
  19  1:08  Assimilator  
  19  1:16  Probe (Chrono Boost)  
  20  1:21  Probe (Chrono Boost)  
  21  1:26  Cybernetics Core  
  21  1:44  Nexus  
  21  1:47  Probe  
  22  1:54  Pylon  
  22  1:59  Probe  
  23  2:12  Probe (Chrono Boost)  
  23  2:13  Stargate  
  24  2:16  Adept  
  24  2:21  Probe (Chrono Boost)  
  27  2:24  Warp Gate  
  27  2:26  Probe  
  28  2:35  Shield Battery  
  28  2:38  Probe  
  29  2:51  Void Ray  
  30  2:52  Probe (Chrono Boost)  
  35  2:58  Probe (Chrono Boost)  
  36  3:08  Probe x2 (Chrono Boost)  
  36  3:10  Stalker  
  39  3:14  Probe  
  39  3:15  Probe  
  39  3:19  Pylon  
  41  3:26  Probe  
  43  3:27  Probe  
  43  3:31  Gateway  
  43  3:38  Probe  
  43  3:39  Oracle  
  47  3:42  Probe  
  47  3:46  Assimilator  
  48  3:49  Assimilator  
  48  3:50  Probe  
  49  3:56  Pylon, Probe  
  49  4:02  Probe  
  51  4:08  Void Ray (Chrono Boost), Probe  
  52  4:14  Probe  
  53  4:20  Probe  
  58  4:26  Probe  
  58  4:29  Fleet Beacon  
  58  4:30  Pylon  
  59  4:32  Probe  
  59  4:34  Shield Battery  
  60  4:41  Stargate  
  57  5:02  Probe x2  
  58  5:13  Pylon  
  58  5:14  Probe x2  
  58  5:15  Forge  
  60  5:26  Probe x2  
  68  5:32  Tempest (Chrono Boost)  
  67  5:35  Shield Battery  
  67  5:41  Tempest (Chrono Boost)  
  72  5:46  Pylon  
  72  5:50  Photon Cannon  
  72  5:52  Protoss Air Weapons Level 1 (Chrono Boost), Photon Cannon  
  72  6:03  Shield Battery  
  72  6:09  Tempest (Chrono Boost)  
  77  6:13  Tempest (Chrono Boost)  
  76  6:32  Pylon  
  76  6:35  Pylon  
  64  7:11  Nexus  
  64  7:12  Probe x2  
  64  7:14  Pylon  
  64  7:15  Stalker x2  
  70  7:25  Probe x2 (Chrono Boost)  
  72  7:34  Twilight Council  
  74  7:37  Probe (Chrono Boost)  
  74  7:43  Photon Cannon, Probe (Chrono Boost)  
  74  7:45  Probe (Chrono Boost)  
  74  7:49  Probe (Chrono Boost)  
  76  7:53  Void Ray (Chrono Boost), Adept x2  
  80  8:00  Void Ray (Chrono Boost)  
  80  8:01  Probe  
  80  8:03  Probe  
  90  8:13  Probe  
  91  8:31  Protoss Air Weapons Level 2 (Chrono Boost)  
  91  8:40  Probe x2  
  91  8:48  Void Ray (Chrono Boost)  
  92  8:51  Nexus  
  92  8:52  Probe  
  93  9:01  Shield Battery  
  93  9:03  Templar Archives  
  93  9:06  Void Ray (Chrono Boost)  
  93  9:20  Pylon  
  93  9:22  Pylon  
  93  9:24  Probe  
  94  9:31  Probe  
  87  9:49  High Templar x2  
  87  9:50  Nexus  
  91  9:53  Mothership (Chrono Boost)  
  91  9:59  Archon  
  99  10:04  Void Ray  
  99  10:13  Probe  
  104  10:25  Probe  
  96  10:38  High Templar x2  
  96  10:41  Probe (Chrono Boost)  
  96  10:42  Archon  
  99  10:54  Probe (Chrono Boost)  
  100  11:08  Probe (Chrono Boost)  
  98  11:21  Void Ray x2  
  98  11:23  Probe x2 (Chrono Boost)  
  90  11:25  Probe (Chrono Boost)  
  90  11:30  Probe x2  
  90  11:32  Zealot x2  
  105  11:35  Probe  
  106  11:42  Probe x2  
  109  11:47  Probe  
  109  11:54  Probe x2  
  109  11:59  Probe  
  89  12:22  Probe x3  
Show
View Real Time Build Order
Export as new Build Order

BlyOnFire Zerg - Winner!

Build Orders: Hatch First, Swarm Host 

Get SALT Encoding   

  12  0:00  Drone  
  13  0:12  Overlord  
  13  0:17  Drone  
  14  0:30  Drone  
  14  0:31  Drone  
  16  0:50  Hatchery  
  16  0:52  Drone  
  16  0:56  Drone  
  17  1:00  Drone  
  18  1:10  Extractor  
  17  1:15  Spawning Pool  
  16  1:18  Drone  
  16  1:22  Drone  
  18  1:29  Drone  
  19  1:43  Drone  
  20  1:55  Overlord  
  20  2:02  Queen x2  
  20  2:03  Zergling x2  
  20  2:07  Zergling x2  
  26  2:12  Drone x2  
  28  2:16  Metabolic Boost  
  28  2:21  Drone  
  29  2:24  Drone  
  30  2:36  Drone x2  
  32  2:37  Queen  
  34  2:48  Overlord  
  34  2:58  Lair  
  34  2:59  Drone x2  
  36  3:06  Overlord  
  36  3:08  Drone x2  
  38  3:14  Drone x4  
  42  3:20  Queen  
  42  3:26  Overlord  
  44  3:27  Extractor  
  44  3:30  Zergling x2  
  44  3:31  Zergling x2  
  45  3:35  Extractor  
  45  3:38  Overlord  
  44  3:45  Drone x5  
  49  3:54  Drone x3  
  52  4:00  Spore Crawler  
  51  4:05  Infestation Pit  
  51  4:08  Drone x3  
  53  4:10  Overlord  
  53  4:13  Extractor  
  52  4:17  Overlord  
  52  4:24  Drone x2  
  54  4:25  Drone, Nydus Network  
  54  4:27  Drone  
  55  4:33  Zergling x4  
  55  4:53  Overlord  
  54  5:04  Swarm Host x5  
  68  5:08  Overlord x3  
  68  5:15  Nydus Canal  
  68  5:19  Swarm Host x2  
  73  5:23  Spore Crawler  
  72  5:29  Swarm Host x2  
  72  5:35  Nydus Canal  
  77  5:41  Swarm Host  
  77  5:42  Queen x2  
  84  5:56  Nydus Canal  
  84  6:02  Overlord  
  84  6:14  Hatchery  
  84  6:15  Nydus Canal  
  83  6:22  Drone x6, Spire  
  88  6:34  Nydus Canal  
  88  6:46  Overlord  
  86  7:09  Nydus Canal  
  86  7:12  Queen x2  
  86  7:14  Zergling x2  
  86  7:15  Zergling x24  
  103  7:31  Drone x3  
  106  7:38  Overlord  
  103  8:04  Corruptor x7  
  117  8:07  Nydus Canal  
  117  8:15  Corruptor x3  
  117  8:16  Spore Crawler  
  122  8:23  Nydus Canal  
  118  8:39  Corruptor x2  
  120  8:44  Drone x10  
  130  8:50  Nydus Canal  
  130  8:59  Extractor  
  130  9:02  Extractor  
  128  9:03  Corruptor  
  128  9:05  Hatchery  
  128  9:06  Overlord  
  127  9:12  Overlord  
  127  9:16  Nydus Canal  
  123  9:18  Corruptor  
  125  9:29  Corruptor x2  
  129  9:41  Corruptor  
  129  9:42  Queen x3  
  137  9:46  Zergling x18  
  137  9:47  Overlord  
  137  9:50  Nydus Canal  
  145  10:15  Corruptor x4  
  145  10:16  Overlord  
  145  10:18  Overlord  
  145  10:20  Overlord  
  144  10:38  Roach Warren  
  144  10:42  Nydus Canal  
  143  10:43  Corruptor x4  
  147  10:50  Zergling x14  
  139  11:30  Corruptor x8  
  148  11:40  Overseer x2  
  148  11:49  Pneumatized Carapace  
  147  12:05  Corruptor  
  147  12:06  Corruptor x2  
  147  12:08  Zergling x24  
  164  12:10  Overlord  
  162  12:22  Nydus Canal  

Tags
 
Add a new tag
Caveats
  • Supply blocks, unpowered buildings, or Contaminate may cause inaccurate times.
  • Supply counts are checked every 10 seconds.